 Dungeon Crawl Stone Soup version 0.19.0-11-g3fc08b3 (webtiles) character file.

90 MovingMist the Skirmisher (level 4, -1/33 HPs)
             Began as a High Elf Fighter on Nov 8, 2016.
             Was an Initiate of the Shining One.
             Slain by Crazy Yiuf
             ... wielding a +3 quarterstaff of chaos
              (17 damage)
             ... on level 3 of the Dungeon.
             The game lasted 00:06:10 (1741 turns).

MovingMist the Skirmisher (High Elf Fighter)        Turns: 1741, Time: 00:06:12

Health: -1/33      AC:  9    Str: 15    XL:     4   Next: 32%
Magic:  5/5        EV:  4    Int: 12    God:    the Shining One [......]
Gold:   39         SH:  9    Dex: 15    Spells: 0 memorised, 3 levels left

rFire  . . .     SeeInvis .     a - +0 long sword
rCold  . . .     Gourm    .     e - +0 chain mail
rNeg   . . .     Faith    .     c - +0 shield
rPois  .         Spirit   .     (no helmet)
rElec  .         Reflect  .     (no cloak)
rCorr  .         Harm     .     (no gloves)
MR     +....                    (no boots)
Stlth  ..........               (no amulet)
                                (no ring)
                                q - ring of protection from magic

@: glowing
A: no striking features
a: Renounce Religion


You were on level 3 of the Dungeon.
You worshipped the Shining One.
The Shining One was noncommittal.
You were not hungry.

You visited 1 branch of the dungeon, and saw 3 of its levels.

You collected 39 gold pieces.

Inventory:

Hand Weapons
 a - a +0 long sword (weapon)
Armour
 c - a +0 shield (worn)
 e - a +0 chain mail (worn)
Jewellery
 q - a ring of protection from magic (left hand)
Scrolls
 i - a scroll of remove curse {unknown}
 j - a scroll of recharging {unknown}
 k - a scroll of teleportation {unknown}
 l - a scroll of magic mapping {unknown}
 o - a scroll of fog {unknown}
 p - a scroll of identify {unknown}
Potions
 b - a potion of degeneration {unknown}
 d - a potion of might
 m - a potion of heal wounds {unknown}
 n - a potion of agility {unknown}
 r - 2 potions of invisibility {unknown}
 s - a potion of magic {unknown}
Comestibles
 f - 3 bread rations
 g - a beef jerky
 h - a slice of pizza
 t - 2 chunks of flesh


   Skills:
 * Level 4.1 Fighting
 + Level 3.2 Long Blades
 - Level 2.8 Armour
 + Level 1.0 Dodging
 + Level 3.2 Shields


You had 3 spell levels left.
You didn't know any spells.

Dungeon Overview and Level Annotations

Branches:
Dungeon (3/15)

Altars:
Nemelex Xobeh
The Shining One

Annotations:
D:3 Crazy Yiuf


Message History

t - 2 chunks of flesh
Found a runed door.
As you open the door, it creaks loudly!
Crazy Yiuf the Enlightened comes into view.
He is wielding a quarterstaff of chaos.
Crazy Yiuf shouts!
Crazy Yiuf drinks a potion.
Crazy Yiuf seems to speed up.
Found a mace.
Crazy Yiuf says, "I'm not crazy!"
There is an open door here.
Crazy Yiuf hits you with a quarterstaff of chaos!
You slash Crazy Yiuf!
Crazy Yiuf is moderately wounded.
Crazy Yiuf hits you but does no damage. x2
Your chain mail prevents you from hitting Crazy Yiuf.
Crazy Yiuf is moderately wounded.
Crazy Yiuf hits you but does no damage.
Crazy Yiuf hits you with a quarterstaff of chaos.
You are electrocuted!
Ouch! That really hurt!
You die...

..#########.#....###########...##
#......# #.#....# #...# #......#
#.#....# #...# #.....## ########
#...# ##.#### #...# #.#####♣♣♣♣♣
##### #..##....♣.♣♣♣#####
##......P.♣..♣#...#
#.....P.♣♣♣♣.'@g.# #.#...P♣♣
♣♣#..)# #..###♣♣ ##### ##.##
####..# ..###.# #)# #.# ..# #.##
### #..#


You could see Crazy Yiuf.

Vanquished Creatures
  2 adders
  A dart slug (D:2)
  2 leopard geckos
  7 bats
  2 giant cockroaches
  7 hobgoblins
  3 jackals (D:3)
  6 kobolds
  3 quokkas
  5 frilled lizards
  13 goblins
  12 rats
63 creatures vanquished.

Notes
Turn   | Place    | Note
-------+----------+-------------------------------------------
     0 | D:1      | MovingMist the High Elf Fighter began the quest for the Orb.
     0 | D:1      | Reached XP level 1. HP: 16/16 MP: 2/2
   110 | D:1      | Reached XP level 2. HP: 12/21 MP: 3/3
   510 | D:1      | Reached XP level 3. HP: 26/26 MP: 4/4
   792 | D:2      | Found a faded altar of an unknown god.
  1282 | D:2      | Found a sparkling altar of Nemelex Xobeh.
  1285 | D:2      | Reached skill level 4 in Fighting
  1313 | D:3      | Reached XP level 4. HP: 33/33 MP: 5/5
  1431 | D:3      | Found a glowing golden altar of the Shining One.
  1476 | D:3      | Became a worshipper of the Shining One
  1519 | D:3      | Reached skill level 1 in Dodging
  1733 | D:3      | Found a runed door.
  1737 | D:3      | Noticed Crazy Yiuf
  1741 | D:3      | Slain by Crazy Yiuf

Skill      XL: |  1  2  3  4 |
---------------+-------------+-----
Shields        | 3 |  3.2
Long Blades    | 3 |  3.2
Fighting       | 4 |  4.1
Dodging        | 1 |  1.0
Armour         | |  2.8

Action                   |  1- 3 |  4- 6 || total
-------------------------+-------+-------++-------
Melee: Long sword        |   169 |    54 ||   223
  Eat: Chunk             |     1 |     2 ||     3
Armor: Chain mail        |   108 |    39 ||   147
Dodge: Dodged            |    33 |    13 ||    46
Block: Shield            |    95 |    37 ||   132
       Rpst.: Long sword |    12 |     5 ||    17
